 Dungeon Crawl Stone Soup version 0.19-a0-1100-g56b2fe9 (webtiles) character file.

2842 Jmtri7 the Carver (level 9, -3/61 HPs)
             Began as a Merfolk Gladiator on Aug 8, 2016.
             Killed from afar by an electric eel (6 damage)
             ... with a bolt of electricity
             ... on level 8 of the Dungeon.
             The game lasted 00:16:51 (6672 turns).

Jmtri7 the Carver (Merfolk Gladiator)               Turns: 6672, Time: 00:16:52

Health: -3/61      AC: 11    Str: 15    XL:     9   Next: 74%
Magic:  9/9        EV:  8    Int:  7    God:
Gold:   296        SH:  0    Dex: 25    Spells: 0 memorised, 8 levels left

rFire  . . .     SeeInvis +     v - +2 falchion (elec)
rCold  . . .     Gourm    .     u - +0 plate armour
rNeg   . . .     Faith    .     (no shield)
rPois  .         Spirit   .     c - +0 helmet
rElec  .         Dismiss  .     (no cloak)
rCorr  .         Reflect  .     (no gloves)
SustAt .         Harm     .     (boots currently unavailable)
MR     .....                    H - amulet "Eptura" {+Rage Dex+4}
Stlth  ..........               q - +3 ring of dexterity
                                F - ring of see invisible

@: very quick
A: change form in water, swift swim
a: Evoke Berserk Rage


You were on level 8 of the Dungeon.
You were not hungry.

You visited 2 branches of the dungeon, and saw 9 of its levels.
You also visited: Sewer.

You collected 468 gold pieces.
You spent 172 gold pieces at shops.

Inventory:

Hand Weapons
 v - a +2 falchion of electrocution (weapon)
Missiles
 d - 4 throwing nets (quivered)
Armour
 c - a +0 helmet (worn)
 l - a +0 pair of boots of running (melded)
 u - a +0 plate armour (worn)
 y - a +2 robe of magic resistance
Jewellery
 e - an uncursed ring of poison resistance
 q - a +3 ring of dexterity (right hand)
 A - a +3 ring of protection {unknown}
 D - the ring of Freedom {+Inv +Fly MP+9, unknown}
   (You found it on level 8 of the Dungeon)

   [ring of flight]

   It affects your magic capacity (+9).
   It lets you turn invisible.
   It lets you fly.
 F - a ring of see invisible (left hand)
 H - the amulet "Eptura" (around neck) {+Rage Dex+4}
   (You found it on level 7 of the Dungeon)

   [amulet of rage]

   It affects your dexterity (+4).
   It lets you go berserk.
 N - a +1 ring of evasion {unknown}
Wands
 I - a wand of disintegration (4/24)
 M - a wand of lightning (8/15)
Scrolls
 h - 6 scrolls of fog {unknown}
 k - 2 scrolls of magic mapping {unknown}
 n - a scroll of blinking {unknown}
 o - 2 scrolls of remove curse {unknown}
 p - 2 scrolls of enchant weapon {unknown}
 w - 3 scrolls of enchant armour {unknown}
 B - a scroll of teleportation {unknown}
 G - 2 scrolls of random uselessness {unknown}
 J - a scroll of vulnerability {unknown}
 K - a scroll of recharging {unknown}
 O - a scroll of holy word {unknown}
Potions
 a - 4 potions of heal wounds
 b - a potion of agility
 g - a potion of lignification
 i - a potion of berserk rage {unknown}
 j - 5 potions of curing
 m - 4 potions of cure mutation {unknown}
 s - 3 potions of might {unknown}
 x - 2 potions of haste {unknown}
 z - 2 potions of flight {unknown}
 C - a potion of resistance {unknown}
Comestibles
 f - 5 bread rations
 r - 4 slices of pizza
 t - 3 meat rations
 E - 2 beef jerkies


   Skills:
 - Level 2.1 Fighting
 - Level 14.0 Long Blades
 - Level 2.0 Throwing
 + Level 4.0 Dodging


You had 8 spell levels left.
You didn't know any spells.

Dungeon Overview and Level Annotations

Branches:
Dungeon (8/15)             Temple (1/1) D:5            Lair (0/6) D:8

Altars:
Ashenzari
Cheibriados
Dithmenos
Elyvilon
Fedhas
Gozag
Hepliaklqana
Kikubaaqudgha
Makhleb
Nemelex Xobeh
Okawaru
Pakellas
Qazlal
Ru
Sif Muna
Trog
Uskayaw
Vehumet
Xom
Yredelemnul
Zin
The Shining One

Shops:
D:5 =


Message History

Your legs become a tail as you enter the water.
Your +0 pair of boots of running melds into your body.
A wyvern simulacrum comes into view.
You slash the electric eel!
The electric eel is almost dead.
The electric eel shoots out a bolt of lightning at you!
The bolt of electricity hits you! x2
You closely miss the electric eel.
The electric eel is almost dead.
The electric eel shoots out a bolt of lightning at you!
The bolt of electricity hits you!
* * * LOW HITPOINT WARNING * * *
The bolt of electricity hits you!
The bolt of electricity hits the electric eel.
The electric eel completely resists.
The electric eel shoots out a bolt of lightning at you!
The bolt of electricity hits you!
* * * LOW HITPOINT WARNING * * *
The bolt of electricity hits you!
You die...

......#.............≈.#
..(.#.#............<≈.#
.(..#.##............≈##
(...#.###.....#....≈≈#
..#.#.#...##.###...≈.##
##......####..##...≈..##
....###. #...#.≈.≈≈..#
#.### # #.#.#.;.≈≈..#
..## #.####.#..@≈.≈≈..#
...# #.........≈≈≈≈≈≈..#
##..#
###.....#.≈≈≈≈≈≈≈.# #
#.# #.....#...≈≈..≈.# #
># ####.##..≈.≈.Z≈. ##
#.###...≈.;≈. #.#
#...≈.≈≈. #.# #..≈≈....
... ..≈≈...


You could see 2 electric eels and a wyvern simulacrum.

Vanquished Creatures
  The ghost of blooo the Magician, a novice DETm of Yredelemnul (D:5)
  Sigmund (D:6)
  A yak (D:8)
  Duvessa (D:4)
  A phantom (D:8)
  A centaur (D:8)
  A big kobold (Sewer)
  4 giant frogs
  A gnoll sergeant (D:7)
  Dowan (D:4)
  3 scorpions
  2 howler monkeys
  A centaur zombie (D:7)
  2 crimson imps
  A quasit (D:8)
  A giant frog zombie (D:5)
  8 hounds
  An orc priest (D:6)
  2 jellies
  2 iguanas (D:5)
  Ijyb (D:3)
  6 orc wizards
  8 worker ants
  A killer bee zombie (D:7)
  A hound skeleton (D:4)
  A howler monkey zombie (D:8)
  A worker ant zombie (D:5)
  16 gnolls
  7 adders
  A river rat (Sewer)
  2 shadow imps
  A white imp (D:8)
  An ufetubus (D:8)
  An ooze (D:2)
  An adder skeleton (D:7)
  A worm (D:3)
  2 dart slugs
  4 giant geckos
  21 orcs
  6 ball pythons
  7 bats
  7 giant cockroaches
  7 goblins
  7 hobgoblins
  14 jackals
  12 kobolds
  3 quokkas
  2 giant newts (D:1)
  2 quokka zombies
  9 rats
189 creatures vanquished.

Notes
Turn   | Place    | Note
-------+----------+-------------------------------------------
     0 | D:1      | Jmtri7 the Merfolk Gladiator began the quest for the Orb.
     0 | D:1      | Reached XP level 1. HP: 16/16 MP: 1/1
    78 | D:1      | Reached XP level 2. HP: 20/22 MP: 2/2
    98 | D:1      | Reached skill level 4 in Long Blades
   363 | D:1      | Reached XP level 3. HP: 17/27 MP: 3/3
   952 | D:2      | Identified a +0 pair of boots of running (You found it on level 2 of the Dungeon)
  1144 | D:3      | Reached skill level 5 in Long Blades
  1144 | D:3      | Reached XP level 4. HP: 25/33 MP: 4/4
  1248 | D:3      | Noticed Ijyb
  1266 | D:3      | Killed Ijyb
  1403 | D:3      | Reached skill level 6 in Long Blades
  1447 | D:3      | Reached XP level 5. HP: 33/38 MP: 5/5
  1670 | D:3      | Reached skill level 7 in Long Blades
  1677 | D:3      | Reached XP level 6. HP: 28/44 MP: 6/6
  2025 | D:4      | Noticed Duvessa
  2041 | D:4      | Noticed Dowan
  2181 | D:4      | Killed Duvessa
  2181 | D:4      | Reached skill level 8 in Long Blades
  2184 | D:4      | Killed Dowan
  2316 | D:4      | Reached XP level 7. HP: 40/50 MP: 7/7
  2593 | D:4      | Found a snail-covered altar of Cheibriados.
  2851 | D:5      | Entered Level 5 of the Dungeon
  2851 | D:5      | Found a staircase to the Ecumenical Temple.
  2858 | D:5      | Noticed blooo's ghost (novice DETm)
  2861 | Temple   | Entered the Ecumenical Temple
  2920 | D:5      | Found a glowing drain.
  2945 | Sewer    | Entered a sewer
  2955 | Sewer    | Reached skill level 9 in Long Blades
  3164 | Sewer    | Found a white marble altar of Elyvilon.
  3469 | D:5      | Killed blooo's ghost
  3469 | D:5      | Reached skill level 10 in Long Blades
  3469 | D:5      | Reached XP level 8. HP: 35/56 MP: 8/8
  3566 | D:5      | Found a shimmering altar of Xom.
  3699 | D:5      | Reached skill level 11 in Long Blades
  3774 | D:5      | Found a white marble altar of Elyvilon.
  3823 | D:5      | Found Nofah's Jewellery Shoppe.
  3828 | D:5      | Bought a +3 ring of dexterity for 172 gold pieces
  4278 | D:6      | Noticed Sigmund
  4303 | D:6      | Killed Sigmund
  4791 | D:6      | Reached skill level 12 in Long Blades
  4938 | D:6      | Reached XP level 9. HP: 61/61 MP: 9/9
  5370 | D:7      | Found a deep blue altar of Sif Muna.
  5373 | D:7      | Got a sparkling pewter amulet
  5374 | D:7      | Identified the amulet "Eptura" {+Rage Dex+4} (You found it on level 7 of the Dungeon)
  5613 | D:7      | Reached skill level 13 in Long Blades
  6395 | D:8      | Found a staircase to the Lair.
  6409 | D:8      | Got a twitching copper ring
  6512 | D:8      | Reached skill level 14 in Long Blades
  6672 | D:8      | HP: 3/61 [electric eel/bolt of electricity (10)]
  6672 | D:8      | Killed from afar by an electric eel

Vault maps used:
D:1:      eino_arrival_cavern_d
D:2:      grunt_decor_one_mirror
D:3:      first_bread, cheibrodos_gnoll_hut, uniq_iyjb
D:4:      cheibriados_altar_wand_db, uniq_duvessa
D:5:      old_standard_altar, serial_shops, kennysheep_little_box,
          portal_sewer_entry_c, basic_altar
D:6:      corexii_leaking_fountain, uniq_sigmund
D:7:      basic_altar
D:8:      lair_0_dummy, serial_ice, serial_ice_k, serial_ice_o, serial_ice_c,
          serial_ice_m
Temple:   compressed_dpeg_triangle_lava_temple
Sewer:    sewer_kobolds

Skill      XL: |  1  2  3  4  5  6  7  8  9 |
---------------+----------------------------+-----
Long Blades    | 4 5 6 7 8 10 12 14 | 14.0
Fighting       | |  2.1
Throwing       | |  2.0
Dodging        | |  4.0

Action                   |  1- 3 |  4- 6 |  7- 9 || total
-------------------------+-------+-------+-------++-------
Melee: Long sword        |   116 |    73 |       ||   189
       Falchion          |       |    56 |   481 ||   537
       Tailslap          |       |       |     3 ||     3
 Abil: Evoke Berserk Rag |       |       |     2 ||     2
  Use: Scroll            |       |       |     4 ||     4
       Potion            |       |       |     1 ||     1
 Stab: Sleeping          |     1 |       |       ||     1
  Eat: Chunk             |     1 |     4 |    14 ||    19
Armor: Leather armour    |    20 |       |       ||    20
       Scale mail        |     6 |    26 |       ||    32
       Plate armour      |       |    73 |   258 ||   331
Dodge: Dodged            |    71 |    49 |   101 ||   221
